HBL
JACKSONVILLE SUNS @ DANVILLE DAIRY DADDIES
05/24/1997
 
TOP OF THE 1ST
Jacksonville Suns batting - Pitching for Danville Dairy Daddies : RHP Cal Eldred
Pitching: RHP Cal Eldred
Batting: RHB Damon Buford 0-0: Fly out, F9 (Flyball, 89S, EV 89.4 MPH)
Batting: RHB Chris Gomez 0-0: Ball
1-0: Called Strike
1-1: DOUBLE (Flyball, 8RXD, EV 103.8 MPH)
Batting: LHB Sean Casey 0-0: Called Strike
0-1: Ball
1-1: Swinging Strike
1-2: Ball
2-2: 2-RUN HOME RUN (Flyball, 89XD, EV 93.8 MPH), Distance : 379 ft
Batting: RHB Ozzie Timmons 0-0: Fly out, F9 (Flyball, 9S, EV 85.0 MPH)
Batting: RHB Doug Mirabelli 0-0: Fly out, F1 (Line Drive, P, EV 71.3 MPH)
Top of the 1st over - 2 runs, 2 hits, 0 errors, 0 left on base; Jacksonville 2 - Danville 0
BOTTOM OF THE 1ST
Danville Dairy Daddies batting - Pitching for Jacksonville Suns : RHP Ricky Bones
Pitching: RHP Ricky Bones
Batting: RHB Shawn Gilbert 0-0: Ball
1-0: Ball
2-0: Ball
3-0: Called Strike
3-1: Swinging Strike
3-2: Ground out 4-3 (Groundball, 4S, EV 94.4 MPH)
Batting: LHB Brant Brown 0-0: Ball
1-0: Called Strike
1-1: Ball
2-1: Foul Ball, location: 2F
2-2: Strikes out swinging
Batting: LHB Rusty Greer 0-0: Fly out, F3 (Popup, 3F, EV 77.5 MPH)
Bottom of the 1st over - 0 runs, 0 hits, 0 errors, 0 left on base; Jacksonville 2 - Danville 0
TOP OF THE 2ND
Jacksonville Suns batting - Pitching for Danville Dairy Daddies : RHP Cal Eldred
Batting: RHB Angel Echevarria 0-0: Called Strike
0-1: Ball
1-1: Foul Ball, location: 2F
1-2: Strikes out swinging
Batting: RHB Brian Lesher 0-0: Swinging Strike
0-1: Called Strike
0-2: Ground out 4-3 (Groundball, 4, EV 80.6 MPH)
Batting: RHB Jeff Reboulet 0-0: Called Strike
0-1: Ball
1-1: Ground out 4-3 (Groundball, 4M, EV 83.1 MPH)
Top of the 2nd over - 0 runs, 0 hits, 0 errors, 0 left on base; Jacksonville 2 - Danville 0
BOTTOM OF THE 2ND
Danville Dairy Daddies batting - Pitching for Jacksonville Suns : RHP Ricky Bones
Batting: LHB Lee Stevens 0-0: Fly out, F8 (Line Drive, 8RD, EV 95.6 MPH)
Batting: RHB Mike Blowers 0-0: Ball
1-0: Foul Ball, location: 2F
1-1: Ground out 5-3 (Groundball, 56, EV 80.6 MPH)
Batting: LHB Midre Cummings 0-0: Ball
1-0: Called Strike
1-1: Ball
2-1: Foul Ball, location: 2F
2-2: SINGLE (Groundball, 4M, EV 108.8 MPH) (infield hit)
Batting: RHB Mike Stanley 0-0: Ball
1-0: Ball
2-0: Called Strike
2-1: Foul Ball, location: 2F
2-2: Fielders Choice at 2nd, 5-4 (Groundball, 56, EV 103.1 MPH)
Bottom of the 2nd over - 0 runs, 1 hit, 0 errors, 1 left on base; Jacksonville 2 - Danville 0
TOP OF THE 3RD
Jacksonville Suns batting - Pitching for Danville Dairy Daddies : RHP Cal Eldred
Batting: RHB Jorge Velandia 0-0: Swinging Strike
0-1: Foul Ball, location: 2F
0-2: Fly out, F9 (Line Drive, 9, EV 89.4 MPH)
Batting: RHB Damon Buford 0-0: Ball
1-0: Swinging Strike
1-1: Foul Ball, location: 2F
1-2: Foul Ball, location: 2F
1-2: Fly out, F7 (Flyball, 78XD, EV 93.8 MPH)
Batting: RHB Chris Gomez 0-0: Called Strike
0-1: Ball
1-1: Called Strike
1-2: Fly out, F1 (Popup, 15, EV 76.9 MPH)
Top of the 3rd over - 0 runs, 0 hits, 0 errors, 0 left on base; Jacksonville 2 - Danville 0
BOTTOM OF THE 3RD
Danville Dairy Daddies batting - Pitching for Jacksonville Suns : RHP Ricky Bones
Batting: RHB Kevin Polcovich 0-0: SINGLE (Flyball, 8LS, EV 93.8 MPH)
Batting: RHB Takahiro Ikeyama 0-0: Ball
1-0: Ball
2-0: Foul Ball, location: 2F
2-1: Called Strike
2-2: Foul Ball, location: 2F
2-2: Ball
3-2: Base on Balls
Kevin Polcovich to second
Batting: RHB Shawn Gilbert 0-0: Ball
1-0: Called Strike
1-1: Ball
2-1: Foul Ball, location: 2F
2-2: Foul Ball, location: 2F
2-2: Foul Ball, location: 2F
2-2: Ball
3-2: SINGLE (Flyball, 8RS, EV 87.5 MPH)
Kevin Polcovich to third
Takahiro Ikeyama to second
Batting: LHB Brant Brown 0-0: Foul Ball, location: 2F
0-1: Foul Ball, location: 2F
0-2: Strikes out looking
Batting: LHB Rusty Greer 0-0: Ball
1-0: Foul Ball, location: 2F
1-1: Ball
2-1: Foul Ball, location: 2F
2-2: Fly out, F8 (Flyball, 8LXD, EV 87.5 MPH)
Runner from 3rd tags up, SCORES, no throw by CF
Batting: LHB Lee Stevens 0-0: Ball
1-0: Ball
2-0: Called Strike
2-1: Ball
3-1: Swinging Strike
3-2: Foul Ball, location: 2F
3-2: Base on Balls
Takahiro Ikeyama to third
Shawn Gilbert to second
Batting: RHB Mike Blowers 0-0: Foul Ball, location: 2F
0-1: Foul Ball, location: 2F
0-2: Foul Ball, location: 2F
0-2: Strikes out swinging
Bottom of the 3rd over - 1 run, 2 hits, 0 errors, 3 left on base; Jacksonville 2 - Danville 1
TOP OF THE 4TH
Jacksonville Suns batting - Pitching for Danville Dairy Daddies : RHP Cal Eldred
Batting: LHB Sean Casey 0-0: Ball
1-0: Called Strike
1-1: Ball
2-1: Foul Ball, location: 2F
2-2: SINGLE (Groundball, 6D, EV 102.5 MPH)
Batting: RHB Ozzie Timmons 0-0: Ball
1-0: Ball
2-0: Ball
3-0: Called Strike
3-1: Swinging Strike
3-2: Base on Balls
Sean Casey to second
Batting: RHB Doug Mirabelli 0-0: Ball
1-0: Ball
2-0: Swinging Strike
2-1: Ball
3-1: Called Strike
3-2: Foul Ball, location: 2F
3-2: 3-RUN HOME RUN (Flyball, 7LD, EV 93.1 MPH), Distance : 368 ft
Batting: RHB Angel Echevarria 0-0: Called Strike
0-1: SINGLE (Groundball, 34D, EV 98.1 MPH)
Batting: RHB Brian Lesher 0-0: Foul Ball, location: 2F
0-1: Ball
Angel Echevarria steals 2nd, throwing error, E2
Angel Echevarria to third
1-1: Foul Ball, location: 2F
1-2: Fly out, F7 (Flyball, 7LS, EV 89.4 MPH)
Batting: RHB Jeff Reboulet 0-0: Ball
1-0: Fly out, F4 (Popup, 4S, EV 85.0 MPH)
Batting: RHB Jorge Velandia 0-0: Called Strike
0-1: Foul Ball, location: 2F
0-2: Ball
1-2: Strikes out swinging
Top of the 4th over - 3 runs, 3 hits, 1 error, 1 left on base; Jacksonville 5 - Danville 1
BOTTOM OF THE 4TH
Danville Dairy Daddies batting - Pitching for Jacksonville Suns : RHP Ricky Bones
Batting: LHB Midre Cummings 0-0: Ball
1-0: Fly out, F8 (Flyball, 78D, EV 105.6 MPH)
Batting: RHB Mike Stanley 0-0: Ball
1-0: Ball
2-0: Ball
3-0: Called Strike
3-1: Base on Balls
Batting: RHB Kevin Polcovich 0-0: Foul Ball, location: 2F
0-1: Ball
1-1: Ball
2-1: Swinging Strike
Mike Stanley steals 2nd base
2-2: Foul Ball, location: 2F
2-2: Ball
3-2: SINGLE (Groundball, 56D, EV 96.9 MPH)
Mike Stanley to third
Batting: RHB Takahiro Ikeyama 0-0: Called Strike
0-1: Fly out, F8 (Flyball, 8RXD, EV 93.1 MPH)
Runner from 3rd tags up, SCORES, no throw by CF
Batting: RHB Shawn Gilbert 0-0: Fielders Choice at 2nd, 6-4 (Groundball, 6, EV 78.1 MPH)
Bottom of the 4th over - 1 run, 1 hit, 0 errors, 1 left on base; Jacksonville 5 - Danville 2
TOP OF THE 5TH
Jacksonville Suns batting - Pitching for Danville Dairy Daddies : RHP Cal Eldred
Batting: RHB Damon Buford 0-0: Called Strike
0-1: Ball
1-1: Ball
2-1: Fly out, F8 (Line Drive, 8LD, EV 97.5 MPH)
Batting: RHB Chris Gomez 0-0: Called Strike
0-1: Ground out 6-3 (Groundball, 6, EV 101.3 MPH)
Batting: LHB Sean Casey 0-0: Ball
1-0: Swinging Strike
1-1: SOLO HOME RUN (Flyball, 7D, EV 107.5 MPH), Distance : 377 ft
Pitching: LHP Ron Mahay
Batting: RHB Ozzie Timmons 0-0: Called Strike
0-1: Ball
1-1: Foul Ball, location: 2F
1-2: Ball
2-2: Foul Ball, location: 2F
2-2: Strikes out swinging
Top of the 5th over - 1 run, 1 hit, 0 errors, 0 left on base; Jacksonville 6 - Danville 2
BOTTOM OF THE 5TH
Danville Dairy Daddies batting - Pitching for Jacksonville Suns : RHP Ricky Bones
Batting: LHB Brant Brown 0-0: Ball
1-0: Ball
2-0: Called Strike
2-1: Foul Ball, location: 2F
2-2: Fly out, F5 (Line Drive, 5, EV 66.3 MPH)
Batting: LHB Rusty Greer 0-0: Called Strike
0-1: Ball
1-1: DOUBLE (Line Drive, 78XD, EV 103.8 MPH)
Batting: LHB Lee Stevens 0-0: Fly out, F6 (Flyball, 6D, EV 85.0 MPH)
Batting: RHB Mike Blowers 0-0: Fly out, F9 (Flyball, 89D, EV 98.8 MPH)
Bottom of the 5th over - 0 runs, 1 hit, 0 errors, 1 left on base; Jacksonville 6 - Danville 2
TOP OF THE 6TH
Jacksonville Suns batting - Pitching for Danville Dairy Daddies : LHP Ron Mahay
Batting: RHB Doug Mirabelli 0-0: Called Strike
0-1: SOLO HOME RUN (Line Drive, 7LD, EV 98.1 MPH), Distance : 370 ft
Batting: RHB Angel Echevarria 0-0: Called Strike
0-1: Swinging Strike
0-2: Foul Ball, location: 2F
0-2: Ball
1-2: Foul Ball, location: 2F
1-2: SINGLE (Line Drive, 56D, EV 100.0 MPH)
Batting: RHB Brian Lesher 0-0: Swinging Strike
0-1: Ball
1-1: Foul Ball, location: 2F
1-2: Ball
2-2: Hit by Pitch
Angel Echevarria to second
Batting: RHB Jeff Reboulet 0-0: Ball
1-0: Bunted foul
1-1: Ball
2-1: Bunted foul
2-2: Ball
3-2: Base on Balls
Angel Echevarria to third
Brian Lesher to second
Batting: RHB Jorge Velandia 0-0: Called Strike
0-1: Ball
1-1: Called Strike
1-2: Strikes out swinging
Pitching: LHP Joe Crawford
Batting: RHB Damon Buford 0-0: Ball
1-0: Ball
2-0: Called Strike
2-1: Ball
3-1: Grounds into double play, 4-6-3 (Groundball, 4, EV 90.6 MPH)
Top of the 6th over - 1 run, 2 hits, 0 errors, 2 left on base; Jacksonville 7 - Danville 2
BOTTOM OF THE 6TH
Danville Dairy Daddies batting - Pitching for Jacksonville Suns : RHP Ricky Bones
Batting: LHB Midre Cummings 0-0: Called Strike
0-1: Foul Ball, location: 2F
0-2: Ball
1-2: SINGLE (Groundball, 4MD, EV 98.1 MPH)
Batting: RHB Mike Stanley 0-0: Called Strike
0-1: Swinging Strike
0-2: Ball
1-2: Strikes out swinging
Batting: RHB Kevin Polcovich 0-0: Called Strike
0-1: Ball
1-1: Ball
2-1: Called Strike
2-2: Fielders Choice at 2nd, 6-4 (Groundball, 56, EV 101.9 MPH)
Batting: RHB Takahiro Ikeyama 0-0: Swinging Strike
0-1: Ball
1-1: DOUBLE (Line Drive, 78D, EV 108.1 MPH)
Kevin Polcovich to third
Runner from 3rd tries for Home, SAFE, no throw by LF
Batting: RHB Shawn Gilbert 0-0: Foul Ball, location: 2F
0-1: Foul Ball, location: 2F
0-2: Foul Ball, location: 2F
0-2: Ball
1-2: Strikes out looking
Bottom of the 6th over - 1 run, 2 hits, 0 errors, 1 left on base; Jacksonville 7 - Danville 3
TOP OF THE 7TH
Jacksonville Suns batting - Pitching for Danville Dairy Daddies : LHP Joe Crawford
Batting: RHB Chris Gomez 0-0: Ball
1-0: Foul Ball, location: 2F
1-1: Swinging Strike
1-2: SINGLE (Groundball, 4MD, EV 93.8 MPH)
Batting: LHB Sean Casey 0-0: Swinging Strike
0-1: Ball
1-1: Swinging Strike
1-2: Strikes out swinging
Batting: RHB Ozzie Timmons 0-0: Ball
1-0: Called Strike
1-1: SINGLE (Flyball, 8LS, EV 90.0 MPH)
Chris Gomez to second
Batting: RHB Doug Mirabelli 0-0: Ball
1-0: Ball
2-0: Ball
3-0: Base on Balls
Chris Gomez to third
Ozzie Timmons to second
Batting: RHB Angel Echevarria 0-0: Foul Ball, location: 2F
0-1: Ball
1-1: Ball
2-1: Foul Ball, location: 2F
2-2: Ball
3-2: Strikes out swinging
Batting: RHB Brian Lesher 0-0: Ball
1-0: Ball
2-0: Foul Ball, location: 2F
2-1: Called Strike
2-2: Strikes out swinging
Top of the 7th over - 0 runs, 2 hits, 0 errors, 3 left on base; Jacksonville 7 - Danville 3
BOTTOM OF THE 7TH
Danville Dairy Daddies batting - Pitching for Jacksonville Suns : RHP Ricky Bones
Pitching: RHP Al Levine
Batting: LHB Brant Brown 0-0: Foul Ball, location: 2F
0-1: Ball
1-1: Foul Ball, location: 2F
1-2: Ball
2-2: SINGLE (Groundball, 4MD, EV 95.0 MPH)
Batting: LHB Rusty Greer 0-0: Ball
1-0: Swinging Strike
1-1: Ball
2-1: Grounds out, U3 (Groundball, 3L, EV 79.4 MPH)
Batting: LHB Lee Stevens 0-0: Swinging Strike
0-1: Called Strike
0-2: Ball
Passed Ball!
Brant Brown to third
1-2: Ball
2-2: Ball
3-2: Base on Balls
Pitching: RHP Jack McDowell
Batting: RHB Mike Blowers 0-0: Called Strike
0-1: Ball
1-1: Ball
2-1: Swinging Strike
2-2: Fly out, F7 (Line Drive, 7, EV 98.1 MPH)
Runner from 3rd tags up, OUT at HOME! 7-2
Bottom of the 7th over - 0 runs, 1 hit, 0 errors, 1 left on base; Jacksonville 7 - Danville 3
TOP OF THE 8TH
Jacksonville Suns batting - Pitching for Danville Dairy Daddies : LHP Joe Crawford
Batting: RHB Jeff Reboulet 0-0: Ball
1-0: DOUBLE (Flyball, 89D, EV 102.5 MPH)
Pitching: RHP Aaron Small
Batting: RHB Jorge Velandia 0-0: Ball
1-0: Ball
2-0: Called Strike
2-1: Ball
3-1: SINGLE (Line Drive, 8RM, EV 95.0 MPH)
Jeff Reboulet to third
Batting: RHB Damon Buford 0-0: Ball
1-0: Called Strike
1-1: Foul Ball, location: 2F
1-2: Ground out 5-3 (Groundball, 5S, EV 69.4 MPH)
Jeff Reboulet scores
Jorge Velandia to second
Batting: RHB Chris Gomez 0-0: Ball
1-0: Swinging Strike
1-1: Ball
2-1: Called Strike
2-2: Ball
3-2: Base on Balls
Pitching: RHP John Hope
Batting: LHB Sean Casey 0-0: Ball
1-0: Ball
2-0: Ball
3-0: Base on Balls
Jorge Velandia to third
Chris Gomez to second
Batting: RHB Ozzie Timmons 0-0: Fly out, F6 (Popup, 6S, EV 58.1 MPH)
Batting: RHB Doug Mirabelli 0-0: Ball
1-0: Swinging Strike
1-1: Ball
2-1: SINGLE (Groundball, 56D, EV 94.4 MPH)
Jorge Velandia scores
Chris Gomez to third
Sean Casey to second
Runner from 3rd tries for Home, SAFE, throw by LF to home
Batting: RHB Angel Echevarria 0-0: Ball
1-0: Ball
2-0: Ground out 4-3 (Groundball, 4S, EV 62.5 MPH)
Top of the 8th over - 3 runs, 3 hits, 0 errors, 2 left on base; Jacksonville 10 - Danville 3
BOTTOM OF THE 8TH
Danville Dairy Daddies batting - Pitching for Jacksonville Suns : RHP Jack McDowell
Batting: LHB Midre Cummings 0-0: Called Strike
0-1: Swinging Strike
0-2: Strikes out looking
Batting: RHB Mike Stanley 0-0: Ball
1-0: Ball
2-0: Ball
3-0: Base on Balls
Batting: RHB Kevin Polcovich 0-0: Called Strike
0-1: Swinging Strike
0-2: Foul Ball, location: 2F
0-2: Hit by Pitch
Mike Stanley to second
Batting: RHB Takahiro Ikeyama 0-0: Swinging Strike
0-1: Ball
1-1: Fly out, F7 (Flyball, 7LMF, EV 95.0 MPH)
Batting: RHB Shawn Gilbert 0-0: Called Strike
0-1: Fly out, F6 (Line Drive, 6, EV 69.4 MPH)
Bottom of the 8th over - 0 runs, 0 hits, 0 errors, 2 left on base; Jacksonville 10 - Danville 3
TOP OF THE 9TH
Jacksonville Suns batting - Pitching for Danville Dairy Daddies : RHP John Hope
Batting: RHB Brian Lesher 0-0: Ball
1-0: Foul Ball, location: 2F
1-1: Ball
2-1: Ball
3-1: Fly out, F7 (Flyball, 78M, EV 96.3 MPH)
Batting: RHB Jeff Reboulet 0-0: Ball
1-0: Ball
2-0: Foul Ball, location: 2F
2-1: Ball
3-1: Foul Ball, location: 2F
3-2: SINGLE (Line Drive, 4D, EV 95.6 MPH)
Batting: RHB Jorge Velandia 0-0: Ball
1-0: Fielders Choice at 2nd, 6-4 (Groundball, 6, EV 78.8 MPH)
Batting: RHB Damon Buford 0-0: Ball
1-0: SINGLE (Line Drive, 8LS, EV 90.0 MPH)
Jorge Velandia to second
Batting: RHB Chris Gomez 0-0: Called Strike
0-1: Foul Ball, location: 2F
0-2: Ball
1-2: Strikes out swinging
Top of the 9th over - 0 runs, 2 hits, 0 errors, 2 left on base; Jacksonville 10 - Danville 3
BOTTOM OF THE 9TH
Danville Dairy Daddies batting - Pitching for Jacksonville Suns : RHP Jack McDowell
Batting: LHB Brant Brown 0-0: Called Strike
0-1: Ball
1-1: Ball
2-1: Ball
3-1: Foul Ball, location: 2F
3-2: Strikes out swinging wild pitch, reaches first!
Batting: LHB Rusty Greer 0-0: Foul Ball, location: 2F
0-1: Foul Ball, location: 2F
0-2: Ball
1-2: DOUBLE (Flyball, 78XD, EV 111.9 MPH)
Brant Brown to third
Batting: LHB Lee Stevens 0-0: Foul Ball, location: 2F
0-1: Called Strike
0-2: Strikes out swinging
Batting: RHB Mike Blowers 0-0: Ball
1-0: Called Strike
1-1: Ball
2-1: Ball
3-1: Called Strike
3-2: Base on Balls
Batting: LHB Midre Cummings 0-0: Fly out, F7 (Flyball, 7LS, EV 85.0 MPH)
Batting: RHB Mike Stanley 0-0: Called Strike
0-1: Called Strike
0-2: Reached on error, E5 (Groundball, 56, EV 88.1 MPH)
Brant Brown scores
Rusty Greer to third
Mike Blowers to second
Batting: RHB Kevin Polcovich 0-0: Called Strike
0-1: Fielders Choice at 2nd, 6-4 (Groundball, 6, EV 86.3 MPH)
Bottom of the 9th over - 1 run, 1 hit, 1 error, 3 left on base; Jacksonville 10 - Danville 4
Friday, February 13th, 2026 - OOTP Baseball 20.8 Build 74